 Dungeon Crawl Stone Soup version 0.30-a0-1157-g2cc9ac7196 (webtiles) character file.

Game seed: 4233984003839192458

277 Zdeegee the Magician (level 6, -2/39 HPs)
             Began as an Octopode Hedge Wizard on Apr 23, 2023.
             Slain by an ice beast (7 damage)
             ... on level 5 of the Dungeon on Apr 25, 2023.
             The game lasted 00:11:19 (4522 turns).

Zdeegee the Magician (Octopode Hedge Wizard)        Turns: 4522, Time: 00:11:20

Health: -2/39      AC:  1    Str:  9    XL:     6   Next: 26%
Magic:  1/21       EV: 13    Int: 18    God:
Gold:   143        SH:  0    Dex: 12    Spells: 7/14 levels left

rFire   . . .        d - +9 hand axe of Triumph {flame, rCorr MP+9}
rCold   . . .        (no shield)
rNeg    . . .        b - +0 hat
rPois   .            (no amulet)
rElec   .            (no ring)
rCorr   +            (no ring)
SInv    .            (no ring)
Will    .....        (no ring)
Stlth   +++          (no ring)
HPRegen 0.26/turn    (no ring)
MPRegen 0.17/turn    (no ring)
                     (no ring)

%: no passive effects
@: no status effects
A: almost no armour, amphibious, 8 rings, camouflage 1, gelatinous body 1,
(nimble swimmer 1), tentacles
a: no special abilities


You were on level 5 of the Dungeon.
You visited 1 branch of the dungeon, and saw 5 of its levels.

You collected 143 gold pieces.

Inventory:

Hand Weapons
 a - a +0 dagger
 d - the +9 hand axe of Triumph (weapon) {flame, rCorr MP+9}
   (You found it on level 2 of the Dungeon)

   MP:        It affects your magic capacity (+9).
   rCorr:     It protects you from acid and corrosion.
Armour
 b - a +0 hat (worn)
 g - a +0 cloak
 j - an orb of guile
Scrolls
 h - a scroll of poison {unknown}
 i - 2 scrolls of enchant armour {unknown}
 o - 3 scrolls of blinking {unknown}
 q - 3 scrolls of teleportation {unknown}
 r - a scroll of brand weapon {unknown}
Potions
 c - a potion of magic
 e - 3 potions of heal wounds
 f - a potion of lignification
 k - 2 potions of haste
 l - 2 potions of brilliance {unknown}
 m - a potion of invisibility {unknown}
 n - a potion of attraction {unknown}
 p - 2 potions of ambrosia {unknown}
 s - 3 potions of mutation {unknown}


   Skills:
 * Level 1.7 Fighting
 + Level 0.6 Short Blades
 * Level 2.6 Dodging
 + Level 3.1 Stealth
 * Level 4.5 Spellcasting
 * Level 2.4 Conjurations
 + Level 1.1 Summonings
 + Level 0.2 Necromancy
 + Level 1.0 Translocations
 * Level 1.5 Fire Magic
 * Level 1.0 Air Magic


You had 7 spell levels left.
You knew the following spells:

 Your Spells              Type           Power      Damage    Failure   Level
a - Magic Dart            Conj           48%        1d5       4%          1
b - Blink                 Tloc           14%        N/A       14%         2
c - Call Imp              Summ           16%        N/A       13%         2
d - Cigotuvi's Dreadful   Necr/Pois/Air  10%        N/A       19%         2

Your spell library contained the following spells:

 Spells                   Type           Power      Damage    Failure   Level
 Slow                     Hex            16%        N/A       14%         1
 Dazzling Flash           Conj/Hex       16%        N/A       26%         3
 Mephitic Cloud           Conj/Pois/Air  8%         N/A       26%         3
 Vhi's Electric Charge    Tloc/Air       14%        N/A       26%         3
 Volatile Blastmotes      Fire/Tloc      16%        2d11      26%         3
 Ignite Poison            Fire/Tmut/Pois 5%         N/A       34%         3
 Iskenderun's Mystic Bla  Conj/Tloc      10%        2d4       56%         4
 Arcjolt                  Conj/Air       5%         1d15      88%         5
 Freezing Cloud           Conj/Ice/Air   4%         6-21      94%         5
 Plasma Beam              Fire/Air       4%         2x1d15    100%        6
 Starburst                Conj/Fire      5%         6d4       100%        6


Dungeon Overview and Level Annotations

Branches:
Dungeon (5/15)             Temple (0/1) D:4

Altars:

Shops:
D:1 ?   D:3 :

Annotations:
D:5 1 runed translucent door, BlueFish's ghost, novice OpFi


Innate Abilities, Weirdness & Mutations

You cannot wear most types of armour.
You are amphibious.
You can wear up to eight rings at the same time.
Your skin changes colour to match your surroundings (Stealth+).
Your rubbery body absorbs attacks. (AC +1, EV +1)
((You are camouflaged when in or above water. (Stealth+)))
You have tentacles for arms and can constrict up to eight enemies at once.


Message History

Casting: Blink (safe; 14% risk of failure)
Confirm with . or Enter, or press ? or * to list all spells.
Aiming: Magic Dart (safe; 4% risk of failure)
Press: ? - help, Shift-Dir - straight line, f/p - ice beast
Aim: an ice beast (severely wounded, not watching you, ally target, 100% to hit)
The magic dart hits the ice beast but does no damage.
The ice beast is severely wounded.
Your cerulean imp hits the ice beast with a -3 spear.
Casting: Magic Dart (safe; 4% risk of failure)
Confirm with . or Enter, or press ? or * to list all spells.
Aiming: Magic Dart (safe; 4% risk of failure)
Press: ? - help, Shift-Dir - straight line, f/p - ice beast
Aim: an ice beast (almost dead, ally target, 100% to hit)
The magic dart hits the ice beast but does no damage.
The ice beast is almost dead.
Your cerulean imp closely misses the ice beast.
Unknown command.
Casting: Magic Dart (safe; 4% risk of failure)
Confirm with . or Enter, or press ? or * to list all spells.
Aiming: Magic Dart (safe; 4% risk of failure)
Press: ? - help, Shift-Dir - straight line, f/p - ice beast
Aim: an ice beast (almost dead, ally target, 100% to hit)
The magic dart hits the ice beast.
The ice beast is almost dead.
Unknown command.
Casting: Magic Dart (safe; 4% risk of failure)
Confirm with . or Enter, or press ? or * to list all spells.
You don't have enough magic to cast this spell.
Unknown command.
Unknown command.
The ice beast attacks as you move away! The ice beast hits you.
The ice beast freezes you!
* * * LOW HITPOINT WARNING * * *
Your cerulean imp closely misses the ice beast.
The ice beast attacks as you move away! The ice beast closely misses you.
Your cerulean imp hits the ice beast but does no damage.
The ice beast attacks as you move away! The ice beast hits you.
* * * LOW HITPOINT WARNING * * *
The ice beast freezes you!
You die...

.# #......#..
...####........#
#....)......[..#
######.###.........
#....#.# #........#
#....#.###........#
##....#.............
#....<..............
#..@Y.5.............
#......###..........
#...................
#..~~♣..##..........
#.♣♣~♣~###.##..####.
#♣ ~P~♣♣ #..#.##
PP~~ ##.#.# ~~~~~P
...#


You could see an ice beast (ally target) and a friendly cerulean imp (summoned).

Vanquished Creatures
  A scorpion (D:2)
  A hound (D:4)
  6 adders
  A worm (D:3)
  2 dart slugs (D:1)
  10 orcs
  5 bats
  5 endoplasms
  3 giant cockroaches
  6 goblins
  6 hobgoblins
  7 kobolds
  3 quokkas
  7 ball pythons
  3 frilled lizards
  9 rats
75 creatures vanquished.

Vanquished Creatures (collateral kills)
  A sleepcap (D:4)
  An adder (D:2)
  A worm (D:3)
  A ball python (D:4)
  A kobold (D:2)
5 creatures vanquished.

Vanquished Creatures (others)
  A plant (D:5)
1 creature vanquished.

Grand Total: 81 creatures vanquished

Notes
Turn   | Place    | Note
-------+----------+-------------------------------------------
     0 | D:1      | Zdeegee the Octopode Hedge Wizard began the quest for the
                  | Orb.
     0 | D:1      | Reached XP level 1. HP: 11/11 MP: 4/4
   141 | D:1      | Reached XP level 2. HP: 11/18 MP: 0/6
   145 | D:1      | Learned a level 2 spell: Blink
   148 | D:1      | Learned a level 2 spell: Call Imp
   151 | D:1      | Learned a level 2 spell: Cigotuvi's Dreadful Rot
   808 | D:1      | Reached XP level 3. HP: 22/22 MP: 4/8
   958 | D:1      | Found The Oracle's Delphic Readings.
  1037 | D:1      | Reached skill level 1 in Fighting
  1305 | D:2      | Identified the +9 hand axe of Triumph {flame, rCorr MP+9}
  1309 | D:2      | Noticed a scorpion
  1430 | D:2      | Killed a scorpion
  1431 | D:2      | Reached skill level 4 in Spellcasting
  1431 | D:2      | Reached XP level 4. HP: 17/28 MP: 0/10
  1431 | D:2      | Upgraded the game from 0.30-a0-1124-g6e8f0f562f to
                  | 0.30-a0-1157-g2cc9ac7196
  1551 | D:2      | Found a faded altar of an unknown god.
  1914 | D:2      | Reached XP level 5. HP: 20/30 MP: 6/11
  2455 | D:3      | Reached skill level 1 in Fire Magic
  2972 | D:3      | Found Getuv's Book Shop.
  3590 | D:4      | Reached XP level 6. HP: 38/38 MP: 6/12
  4110 | D:4      | Found a staircase to the Ecumenical Temple.
  4388 | D:5      | Entered Level 5 of the Dungeon
  4410 | D:5      | Reached skill level 1 in Air Magic
  4464 | D:5      | Found a runed translucent door.
  4464 | D:5      | Noticed BlueFish's ghost (novice OpFi)
  4466 | D:5      | Noticed an ice beast
  4522 | D:5      | Slain by an ice beast

Illustrated notes

Levels and vault maps discovered:
D:1:      erik_arrival_triangle_medium, layout_basic,
          nicolae_nh_oracle_at_delphi
D:2:      layout_loops_ring, basic_ecumenical_altar, serial_bayou,
          serial_bayou_pond_e, serial_bayou_lagoon_b, serial_bayou_shore_a,
          serial_bayou_ford_a, serial_bayou_pond_b, serial_bayou_lagoon_a
D:3:      layout_loops_ring, serial_shops, shop_fountains,
          nicolae_figureground_pulse
D:4:      layout_gridville, temple_hall
D:5:      layout_rooms, mainiacjoe_overflow_alcove_4,
          hellmonk_ghost_happy_afterlife, serial_bayou_lake_a

Skill      XL: |  1  2  3  4  5  6 |
---------------+-------------------+-----
Fighting       | 1 |  1.7
Spellcasting   | 4 |  4.5
Fire Magic     | 1 |  1.5
Stealth        | 3 |  3.1
Conjurations   | 2 |  2.4
Air Magic      | 1 |  1.0
Short Blades   | |  0.6
Dodging        | |  2.6
Summonings     | |  1.1
Necromancy     | |  0.2
Translocations | |  1.0

Action                     |  1- 3 |  4- 6 || total
---------------------------+-------+-------++-------
  Melee: Dagger            |     9 |       ||     9
         Constrict         |     3 |       ||     3
         Tentacles         |     3 |       ||     3
   Cast: Magic Dart        |    80 |   192 ||   272
         Call Imp          |     4 |     8 ||    12
         Cigotuvi's Dreadf |     1 |     1 ||     2
         Blink             |     2 |     3 ||     5
    Use: Scroll            |     2 |     1 ||     3
         Potion            |     1 |       ||     1
 Armour: Skin              |     2 |     3 ||     5
  Dodge: Dodged            |    22 |    37 ||    59

Table legend: (Time is in decaauts)
 A = Elapsed time spent in this place.
 B = Non-inter-level travel time spent in this place.
 C = Inter-level travel time spent in this place.
 D = Time resting spent in this place.
 E = Time spent auto-exploring this place.
 F = Levels seen in this place.
 G = Mean time per level.
                   A        B        C        D        E       F      G
               +--------+--------+--------+--------+--------+-----+--------+
         Total |   4519 |   4450 |     69 |    152 |   3687 |   5 |  903.8 |
       Dungeon |   4519 |   4450 |     69 |    152 |   3687 |   5 |  903.8 |
               +--------+--------+--------+--------+--------+-----+--------+

Top non-repeatable levels by time:
     D:2: 1261 daAuts
     D:1: 1086 daAuts
     D:3: 1044 daAuts
     D:4: 993 daAuts
     D:5: 133 daAuts
